 Dungeon Crawl Stone Soup version 0.29.1-15-g9cfb28693d (webtiles) character file.

Game seed: 6377265111091189659

28356 bnorton916 the Destroyer (level 13, -3/63 HPs)
             Began as a Deep Elf Fire Elementalist on Feb 28, 2023.
             Was an Initiate of Gozag.
             Slain by a swamp worm (19 damage)
             ... on level 3 of the Lair of Beasts.
             The game lasted 00:35:38 (24091 turns).

bnorton916 the Destroyer (DEFE)                    Turns: 24091, Time: 00:35:42

Health: -3/63      AC: 11    Str:  5    XL:     13   Next: 9%
Magic:  34/39      EV: 14    Int: 33    God:    Gozag
Gold:   803        SH: 13    Dex: 15    Spells: 20/34 levels left

rFire   + + .      SeeInvis .   W - +2 dagger (venom)
rCold   + + .      Faith    .   t - +2 shield of Resistance {rF++ rC++ Will++}
rNeg    . . .      Spirit   .   o - +2 leather armour {Will+}
rPois   .          Reflect  .   f - +2 helmet
rElec   .          Harm     .   l - +0 cloak
rCorr   .          Rampage  .   P - +0 pair of gloves
Will    ++++.                   (no boots)
Stlth   ++........              n - amulet of regeneration
HPRegen 1.00/turn               A - +4 ring of evasion
MPRegen 0.26/turn               e - ring "Xufa" {Drain MP+9 Int+7}

@: gold aura
A: no striking features
a: Renounce Religion, Potion Petition, Call Merchant, Bribe Branch


You were on level 3 of the Lair of Beasts.
You worshipped Gozag.
Gozag was pleased with you.
You visited 3 branches of the dungeon, and saw 14 of its levels.

You collected 2071 gold pieces.
You spent 649 gold pieces at shops.
You paid 619 gold pieces to Gozag.

Inventory:

Hand Weapons
 x - a +5 spectral spear
 y - the +5 sling of Responsibility {venom, Str+4}
   (You took it off a hobgoblin on level 4 of the Dungeon)

   Any ammunition fired from it poisons the flesh of those it strikes.
   Str:       It affects your strength (+4).
 W - a +2 dagger of venom (weapon)
Missiles
 B - 2 silver javelins
 I - 4 poisoned darts
 N - 5 atropa-tipped darts
 T - 3 curare-tipped darts
Armour
 f - a +2 helmet (worn)
 l - a +0 cloak (worn)
 o - a +2 leather armour of willpower (worn)
 p - the +2 ring mail of the Lotus Blossom {rPois}
   (You found it on level 3 of the Dungeon)

   rPois:     It protects you from poison.
 t - the +2 shield of Resistance (worn) {rF++ rC++ Will++}
   (You found it on level 7 of the Dungeon)

   rF:        It greatly protects you from fire.
   rC:        It greatly protects you from cold.
   Will:      It greatly increases your willpower.
 u - the +0 robe of Fashionability {rN+ Int-2 Archmagi}
   (You found it on level 3 of the Dungeon)

   Int:       It affects your intelligence (-2).
   rN:        It protects you from negative energy.
   Archmagi:  It increases the power of your magical spells.
 P - a +0 pair of gloves (worn)
Jewellery
 a - a ring of flight
 e - the ring "Xufa" (right hand) {Drain MP+9 Int+7}
   (You bought it in a shop on level 1 of the Lair of Beasts)

   [ring of magical power]

   Int:       It affects your intelligence (+7).
   MP:        It affects your magic capacity (+9).
   Drain:     It drains your maximum health when unequipped.
 n - an amulet of regeneration (around neck)
 s - a ring of protection from cold
 A - a +4 ring of evasion (left hand)
 R - a ring of wizardry
 X - a ring of resist corrosion
Wands
 r - a wand of polymorph (7)
 w - a wand of quicksilver (2)
 D - a wand of flame (17)
 E - a wand of digging (6)
 V - a wand of charming (14)
Scrolls
 b - 2 scrolls of vulnerability
 c - a scroll of amnesia {unknown}
 d - 3 scrolls of magic mapping
 g - 3 scrolls of enchant armour
 i - 4 scrolls of fog
 q - 2 scrolls of immolation
 v - 2 scrolls of enchant weapon
 J - 2 scrolls of brand weapon
 Q - 3 scrolls of teleportation
Potions
 h - 8 potions of curing
 j - 2 potions of haste
 k - 2 potions of degeneration
 m - 2 potions of cancellation
 z - 2 potions of lignification
 C - a potion of ambrosia
 F - 4 potions of mutation
 G - 2 potions of flight
 L - 3 potions of resistance
 M - 2 potions of might
 O - a potion of invisibility
 U - 3 potions of brilliance
 Y - a potion of attraction {unknown}
 Z - 2 potions of heal wounds {unknown}


   Skills:
 - Level 4.0 Armour
 - Level 2.4 Dodging
 - Level 2.4 Stealth
 - Level 10.0 Shields
 - Level 11.2 Spellcasting
 - Level 12.0 Conjurations
 + Level 6.9 Summonings
 - Level 9.7 Fire Magic
 - Level 3.0 Air Magic


You had 20 spell levels left.
You knew the following spells:

 Your Spells              Type           Power      Damage    Failure   Level
a - Foxfire               Conj/Fire      100%       2x1d9     1%          1
b - Scorch                Fire           100%       2d10      1%          2
c - Conjure Flame         Conj/Fire      74%        6-21      1%          3
d - Flame Wave            Conj/Fire      74%        2d16      1%          4
e - Summon Lightning Spi  Summ/Air       51%        N/A       12%         4

Your spell library contained the following spells:

 Spells                   Type           Power      Damage    Failure   Level
 Inner Flame              Hex/Fire       50%        N/A       3%          3
 Lightning Bolt           Conj/Air       31%        1d48      11%         5
 Confusing Touch          Hex            18%        N/A       26%         3
 Gell's Gravitas          Tloc           18%        N/A       26%         3
 Lesser Beckoning         Tloc           18%        N/A       26%         3
 Teleport Other           Tloc           18%        N/A       26%         3
 Airstrike                Air            19%        2d(3-19)  26%         4
 Summon Forest            Summ/Tloc      20%        N/A       52%         5
 Yara's Violent Unravell  Hex/Tmut       9%         3d6       94%         5
 Summon Hydra             Summ           29%        N/A       99%         7
 Eringya's Noxious Bog    Tmut/Pois      9%         N/A       100%        6
 Enfeeble                 Hex            9%         N/A       100%        7


Dungeon Overview and Level Annotations

Branches:
Dungeon (10/15)            Temple (1/1) D:7            Lair (3/5) D:10
  Snake (0/4) Lair:3          Orc (0/2) D:10
  Swamp: Lair:2-3    Shoals: Lair:2-3

Altars:
Ashenzari
Cheibriados
Dithmenos
Elyvilon
Fedhas
Gozag
Hepliaklqana
Kikubaaqudgha
Makhleb
Nemelex Xobeh
Okawaru
Qazlal
Ru
Sif Muna
Trog
Uskayaw
Vehumet
Wu Jian
Xom
Yredelemnul
The Shining One

Shops:
Lair:1 =


Message History

The swamp worm is heavily wounded.
The swamp worm fires a harpoon shot at you.
The harpoon shot hits you.
You are yanked forward by the harpoon shot.
The foxfire hits the swamp worm.
The swamp worm is heavily wounded.
Casting: Foxfire (safe; 1% risk of failure)
Confirm with . or Enter, or press ? or * to list all spells.
Flames lash the swamp worm.
The swamp worm is severely wounded.
The swamp worm's fire resistance burns away.
The swamp worm bites you!! The swamp worm bites you.
A bog body comes into view.
You block the swamp worm's attack.
Casting: Scorch (safe; 1% risk of failure)
Confirm with . or Enter, or press ? or * to list all spells.
Flames lash the swamp worm.
The swamp worm is burned terribly!
The swamp worm is almost dead.
An electric eel comes into view.
You block the swamp worm's attack. The swamp worm barely misses you.
Unknown command.
Casting: Scorch (safe; 1% risk of failure)
Confirm with . or Enter, or press ? or * to list all spells.
Flames lash the swamp worm.
The swamp worm is burned terribly!
You kill the swamp worm!
A swamp worm comes into view.
The electric eel shoots out a bolt of lightning at you!
The bolt of electricity hits you!
Unknown command.
The bog body is distracted by your dazzling golden aura.
The swamp worm fires a harpoon shot at you.
The harpoon shot hits you!
You are yanked forward by the harpoon shot.
The electric eel shoots out a bolt of lightning at you!
The bolt of electricity hits you.
* * * LOW HITPOINT WARNING * * *
The swamp worm bites you!!
You die...
Your body crumbles into a pile of gold.

.........#.# ####.#+.####
'.........#####..#.......#
.........#.#.....'.......#
........>'......##.......#
P.........#)######..[....#
..............♣ ♣♣♣♣♣...#
#........♣♣♣♣♣♣♣♣♣♣♣ ♣♣♣♣♣
##..#..♣♣♣~~≈≈≈~~n~♣
#.#...⌠...♣.....@.♣
##....⌠.....♣.♣.♣w.....§
####..♣♣♣~≈≈~~≈~~≈♣♣♣S~
####.....♣♣♣♣♣♣♣♣♣♣♣
.##....#.....
.............
............#
............#
.............


You could see a bog body (unaware), a swamp worm and an electric eel.

Vanquished Creatures
  A catoblepas (Lair:3)
  A bog body (Lair:3)
  Pikel (D:6)
  A black mamba (Lair:2)
  4 elephants (Lair:2)
  Joseph (D:10)
  4 cane toads (Lair:3)
  4 komodo dragons
  8 blink frogs
  4 wyverns
  16 yaks
  2 wraiths (D:9)
  A human (D:10)
  A steam dragon (D:6)
  3 vampire mosquitoes (D:7)
  A warg (D:10)
  A swamp worm (Lair:3)
  Edmund (D:5)
  5 water moccasins
  6 orc warriors
  3 ice beasts
  4 black bears
  A sky beast (D:8)
  2 ogres
  5 centaurs
  3 wolves (Lair:1)
  A lemure (D:7)
  5 kobold brigands
  A phantom (D:5)
  6 bullfrogs
  2 necrophages
  6 scorpions
  5 wights
  9 killer bees
  A vampire bat (D:4)
  2 howler monkeys
  5 hounds
  5 jellies
  2 gnoll boudas
  11 orc priests
  Ijyb (D:3)
  7 iguanas
  13 orc wizards
  A mummy (D:4)
  7 gnolls
  8 adders
  2 white imps
  2 ufetubi
  A worm (D:3)
  3 dart slugs
  59 orcs
  11 ball pythons
  12 bats
  13 endoplasms
  2 giant cockroaches
  14 goblins
  7 hobgoblins
  6 jackals
  29 kobolds
  5 quokkas
  4 frilled lizards
  5 rats
357 creatures vanquished.

Vanquished Creatures (collateral kills)
  A cane toad (Lair:3)
  8 foxfires
9 creatures vanquished.

Vanquished Creatures (others)
  1134 foxfires
  12 fungi
  14 plants
1160 creatures vanquished.

Grand Total: 1526 creatures vanquished

Notes
Turn   | Place    | Note
-------+----------+-------------------------------------------
     0 | D:1      | bnorton916 the Deep Elf Fire Elementalist began the quest
                  | for the Orb.
     0 | D:1      | Reached XP level 1. HP: 10/10 MP: 6/6
    81 | D:1      | Reached XP level 2. HP: 11/15 MP: 1/8
   666 | D:1      | Reached skill level 2 in Conjurations
   897 | D:1      | Reached XP level 3. HP: 19/19 MP: 7/10
  1755 | D:2      | Learned a level 2 spell: Scorch
  1759 | D:2      | Learned a level 3 spell: Conjure Flame
  1990 | D:2      | Reached XP level 4. HP: 24/24 MP: 7/12
  2847 | D:3      | Found a basalt altar of Yredelemnul.
  2849 | D:3      | Found an ornate altar of the Wu Jian Council.
  3051 | D:3      | Identified the +2 ring mail of the Lotus Blossom {rPois}
  3113 | D:3      | Found a faded altar of an unknown god.
  3164 | D:3      | Noticed Ijyb
  3306 | D:3      | Killed Ijyb
  3307 | D:3      | Reached skill level 3 in Conjurations
  3540 | D:3      | Reached XP level 5. HP: 28/28 MP: 10/14
  3580 | D:3      | Found a sparkling altar of Nemelex Xobeh.
  3687 | D:3      | Identified the +0 robe of Fashionability {rN+ Int-2
                  | Archmagi}
  3817 | D:3      | Found a burning altar of Makhleb.
  4392 | D:3      | Reached skill level 5 in Spellcasting
  4858 | D:4      | Reached skill level 5 in Fire Magic
  4858 | D:4      | Reached XP level 6. HP: 32/32 MP: 5/16
  5067 | D:4      | Identified the +5 sling of Responsibility {venom, Str+4}
  5067 | D:4      | Found a sacrificial altar of Ru.
  5067 | D:4      | Found a glowing golden altar of the Shining One.
  5067 | D:4      | Found a shimmering altar of Xom.
  5067 | D:4      | Found a shadowy altar of Dithmenos.
  5075 | D:4      | Reached skill level 4 in Conjurations
  5459 | D:4      | Reached XP level 7. HP: 36/36 MP: 11/18
  5699 | D:4      | Reached skill level 5 in Conjurations
  5753 | D:4      | Found a hide-covered altar of Uskayaw.
  5872 | D:4      | Found a snail-covered altar of Cheibriados.
  5974 | D:5      | Entered Level 5 of the Dungeon
  6011 | D:5      | Noticed Edmund
  6026 | D:5      | Killed Edmund
  6439 | D:5      | Learned a level 4 spell: Flame Wave
  6560 | D:5      | Reached XP level 8. HP: 29/41 MP: 15/21
  6690 | D:5      | Reached skill level 6 in Conjurations
  7325 | D:5      | Found a stormy altar of Qazlal.
  7327 | D:5      | Noticed an air elemental
  8440 | D:5      | Reached skill level 7 in Conjurations
  8662 | D:5      | Found a broken altar of Ashenzari.
  9313 | D:6      | Reached XP level 9. HP: 45/45 MP: 13/24
  9994 | D:6      | Reached skill level 8 in Conjurations
 10015 | D:6      | Reached skill level 10 in Spellcasting
 10622 | D:7      | Noticed Pikel
 10657 | D:6      | Killed Pikel
 11056 | D:7      | Reached skill level 9 in Conjurations
 11069 | D:7      | Found the +2 shield of Resistance {rF++ rC++ Will++}
 11104 | D:7      | Reached XP level 10. HP: 50/50 MP: 9/27
 11145 | D:7      | Reached skill level 1 in Shields
 11408 | D:7      | Found a staircase to the Ecumenical Temple.
 11493 | Temple   | Entered the Ecumenical Temple
 11507 | Temple   | Became a worshipper of Gozag Ym Sagoz the Greedy
 12360 | D:8      | Noticed a two-headed ogre
 13417 | D:8      | Reached skill level 10 in Conjurations
 16622 | D:9      | Reached skill level 11 in Conjurations
 17400 | D:10     | Entered Level 10 of the Dungeon
 17502 | D:10     | Reached skill level 5 in Shields
 17861 | D:10     | Reached XP level 11. HP: 54/54 MP: 3/28
 18133 | D:10     | Found a staircase to the Orcish Mines.
 18154 | D:10     | Noticed Joseph
 18189 | D:10     | Killed Joseph
 18933 | D:10     | Found a staircase to the Lair.
 19264 | Lair:1   | Entered Level 1 of the Lair of Beasts
 19701 | Lair:1   | Bought the ring "Xufa" {Drain MP+9 Int+7} for 649 gold
                  | pieces
 20040 | Lair:1   | Reached skill level 1 in Armour
 20103 | Lair:1   | Reached skill level 12 in Conjurations
 20564 | Lair:1   | Noticed a five-headed hydra
 20621 | Lair:1   | Learned a level 4 spell: Summon Lightning Spire
 20974 | Lair:2   | Reached skill level 1 in Summonings
 20974 | Lair:2   | Reached skill level 1 in Air Magic
 22133 | Lair:3   | Noticed a catoblepas
 22150 | Lair:3   | Killed a catoblepas
 22803 | Lair:3   | Reached XP level 12. HP: 59/59 MP: 29/29
 22828 | Lair:3   | Found a staircase to the Snake Pit.
 23175 | Lair:3   | Reached skill level 5 in Summonings
 23184 | Lair:3   | Reached XP level 13. HP: 58/63 MP: 29/30
 23186 | Lair:3   | Reached skill level 10 in Shields
 24091 | Lair:3   | Slain by a swamp worm

Illustrated notes

Levels and vault maps discovered:
D:1:      onia_arrival_pyramid, layout_basic, serial_bayou_crossing
D:2:      layout_basic, st_stairs_10, item_on_display_a
D:3:      layout_loops_ring, lightli_temple_of_fire,
          gammafunk_temple_overflow_forgotten,
          shapermc_ecumenical_altar_mp_ritualfount, roderic_lattice_a, uniq_ijyb
D:4:      layout_cave_pools, nicolae_uskayaw_murder_on_the_dancefloor,
          chei_slow_surprise, chequers_temple_overflow_statue_of_worship,
          grunt_ministairs_8, roderic_batcave
D:5:      minmay_thinvault, layout_gridville, nicolae_qazlal_style_of_elements,
          mainiacjoe_overflow_surrounded_room, minmay_strange_pillars,
          minmay_crossroads, uniq_edmund
D:6:      layout_loops_ring
D:7:      layout_basic, minmay_temple_entry_overgrown, enter_bailey_3,
          uniq_pikel
D:8:      layout_rooms, dreamdust_princess_bridge,
          minmay_fractal_squares_gapless_5
D:9:      layout_grid_maze, minmay_misc_feat_columns, kennysheep_generic_room_9
D:10:     layout_loops_ring, lair_entry_dummy, erik_orc_4, uniq_joseph
Temple:   nicolae_temple_ecumenical_triangle
Lair:1:   layout_chaotic_city, serial_bayou_shore_b
Lair:2:   layout_loops_ring
Lair:3:   layout_roguey, nicolae_swamp_entry_splash_gauntlet, dummy_snake_entry,
          lemuel_fruit_tree, grunt_megastairs_4, infiniplex_staircase_pool

Skill      XL: |  1  2  3  4  5  6  7  8  9 10 11 12 13 |
---------------+----------------------------------------+-----
Conjurations   | 2 3 4 5 7 9 11 12 | 12.0
Spellcasting   | 4 5 6 7 9 11 | 11.2
Fire Magic     | 4 5 6 8 9 |  9.7
Shields        | 5 9 10 | 10.0
Armour         | 3 4 |  4.0
Summonings     | 3 5 6 |  6.9
Air Magic      | 3 |  3.0
Dodging        | |  2.4
Stealth        | |  2.4

Action                   |  1- 3 |  4- 6 |  7- 9 | 10-12 | 13-15 || total
-------------------------+-------+-------+-------+-------+-------++-------
Melee: Unarmed           |       |     9 |       |       |       ||     9
       Dagger            |       |       |       |     1 |       ||     1
 Cast: Foxfire           |   111 |   156 |   154 |   243 |    16 ||   680
       Scorch            |       |    19 |    89 |   130 |    13 ||   251
       Conjure Flame     |       |       |     5 |    17 |       ||    22
       Flame Wave        |       |       |       |    21 |     3 ||    24
       Summon Lightning  |       |       |       |     2 |       ||     2
Invok: Call Merchant     |       |       |       |     1 |       ||     1
Evoke: Wand              |       |       |       |     2 |       ||     2
  Use: Scroll            |       |     5 |     7 |    13 |       ||    25
       Potion            |       |       |     1 |     3 |       ||     4
 Stab: Confused          |       |     2 |       |       |       ||     2
Armor: Robe              |     3 |     7 |    42 |    39 |       ||    91
       Skin              |       |     2 |       |       |       ||     2
       Leather armour    |       |       |       |       |     2 ||     2
Dodge: Dodged            |    12 |    24 |   112 |   146 |     7 ||   301
Block: Kite shield       |       |       |       |     5 |     8 ||    13
